 Dungeon Crawl Stone Soup version 0.14-a0-2632-gd2f732a (webtiles) character file.

377 MackTheKnife the Cudgeler (level 5, -3/41 HPs)
             Began as a Draconian Gladiator on Feb 15, 2014.
             Slain by an ogre
             ... wielding a +0,+0 giant club
              (22 damage)
             ... on Level 3 of the Dungeon.
             The game lasted 00:03:17 (2593 turns).

MackTheKnife the Cudgeler (Draconian Gladiator)     Turns: 2593, Time: 00:03:17

HP  -3/41        AC  5     Str 17      XL: 5   Next:  4%
MP   5/5         EV 13     Int  8      God:
Gold 234         SH  0     Dex 13      Spells:  0 memorised,  4 levels left

rFire  . . .     SeeInvis .     s - +1 orc flail
rCold  . . .     Clarity  .     (armour unavailable)
rNeg   + . .     Conserve .     (no shield)
rPois  .         rCorr    .     c - +0 hat
rElec  .         rRot     .     (no cloak)
SustAb . .       Spirit   .     (no gloves)
rMut   .         Warding  +     (no boots)
Saprov . . .     Stasis   .     q - amulet of warding
MR     .....                    (no ring)
                                (no ring)

@: not resistant to hostile enchantments, unstealthy
A: unfitting armour, large and strong wings, stinger 1, slow healing 1, AC +5
a: Fly


You were on level 3 of the Dungeon.
You were hungry.

You visited 1 branch of the dungeon, and saw 3 of its levels.

You collected 234 gold pieces.


Innate Abilities, Weirdness & Mutations

Your plain brown scales are hard (AC +5).
Your body does not fit into most forms of armour.
Your cold-blooded metabolism reacts poorly to cold.
Your wings are large and strong.
Your tail ends in a poisonous barb.
You heal slowly when monsters are visible.


   Skills:
 - Level 2.1 Fighting
 + Level 5.8 Maces & Flails
 - Level 1.7 Throwing
 - Level 2.6 Dodging


You had 4 spell levels left.
You didn't know any spells.

Inventory:

Hand weapons
 s - a +1,+1 orcish flail (weapon)
Missiles
 d - 3 throwing nets (quivered)
Armour
 c - a +0 hat (worn)
Comestibles
 f - a bread ration
 g - a pear
 h - an apple
 o - a meat ration
Scrolls
 b - 3 scrolls of identify
 i - a scroll of enchant weapon I {unknown}
 j - a scroll of remove curse {unknown}
 m - a scroll of recharging {unknown}
 n - 2 scrolls of curse weapon {unknown}
Jewellery
 q - an amulet of warding (around neck)
Potions
 e - a potion of mutation {!q}
 k - 2 potions of curing
 l - a potion of resistance {unknown}
 r - a potion of restore abilities

··!···▒▒··)····▒
▒▒▒·▒
·▒·▒▒·▒▒·······▒
▒((·▒ ·▒·▒
▒▒·······▒ ▒>▒▒▒
▒·· ▒·······▒
▒·▒ ▒▒▒
▒▒▒▒▒▒▒▒▒ ▒·▒ ··
▒·▒ ▒· ▒·▒
··▒·▒▒▒·▒▒▒▒·▒
·····h··d····▒
g·▒·▒▒▒O▒▒▒▒▒▒
▒· ·· ▒▒▒


You could see an ogre, a jackal and a goblin.


Message History

Found a potion of mutation.
No target in view!
You see here a potion of mutation {!q}.
You are feeling hungry.
HP restored.
Found 21 darts.
Found a stone staircase leading down.
Found 24 stones.
Found 10 gold pieces.
You see here 21 darts.
There is a stone staircase leading down here.
You now have 234 gold pieces (gained 10).
An ogre is nearby!
A jackal comes into view.
The ogre shouts!
You hear a bark!
The jackal barks!
The ogre closely misses you.
You hit the ogre.
The ogre is lightly wounded.
The ogre hits you with a giant club!
Ouch! That really hurt!
* * * LOW HITPOINT WARNING * * *
All of the chunks of flesh in your inventory have completely rotted away.
You hit the ogre.
The ogre is moderately wounded.
A goblin comes into view. It is wielding a dagger.
You hit the ogre.
The ogre is moderately wounded.
The ogre hits you with a giant club!
Ouch! That really hurt!
You die...

Action                   |  1- 3 |  4- 6 || total
-------------------------+-------+-------++-------
Melee: Mace              |   133 |    18 ||   151
       Flail             |       |    38 ||    38
 Abil: Fly               |     1 |       ||     1
  Use: Scroll            |     2 |     1 ||     3
       Potion            |     1 |       ||     1

Vault maps used:
D:1:      minmay_arrival_radiant_lines, item_on_display_a
D:2:      uniq_jessica
D:3:      tgw_xom

Notes
Turn   | Place    | Note
--------------------------------------------------------------
     0 | D:1      | MackTheKnife, the Draconian Gladiator, began the quest for the Orb.
     0 | D:1      | Reached XP level 1. HP: 17/17 MP: 1/1
   298 | D:1      | Reached XP level 2. HP: 24/24 MP: 2/2
   583 | D:1      | Reached skill level 4 in Maces & Flails
   873 | D:2      | Reached XP level 3. HP: 29/29 MP: 3/3
  1050 | D:2      | Noticed Jessica
  1061 | D:2      | Killed Jessica
  1386 | D:3      | Noticed an ogre
  1393 | D:3      | Gained mutation: You heal slowly when monsters are visible. [potion of mutation]
  1393 | D:3      | Gained mutation: Your wings are large and strong. [potion of mutation]
  1393 | D:3      | Gained mutation: Your tail ends in a poisonous barb. [potion of mutation]
  1888 | D:3      | Reached skill level 5 in Maces & Flails
  1888 | D:3      | Reached XP level 4. HP: 24/36 MP: 4/4
  2460 | D:3      | Reached XP level 5. HP: 36/41 MP: 5/5
  2593 | D:3      | Slain by an ogre

Vanquished Creatures
  An orc wizard (D:3)
  A worker ant (D:3)
  Jessica (D:2)
  An inept item mimic (D:3)
  3 giant geckos
  An ooze (D:3)
  4 orcs (D:3)
  8 bats
  6 giant cockroaches
  7 goblins
  7 hobgoblins
  6 kobolds
  2 quokkas (D:3)
  4 giant newts
  12 rats
64 creatures vanquished.
